 Dungeon Crawl Stone Soup version 0.14-a0-1361-g0512ea0 (webtiles) character file.

302 Psiweapon the Shield-Bearer (level 5, -11/51 HPs)
             Began as a Gargoyle Fighter on Dec 7, 2013.
             Mangled by an ice beast (14 damage)
             ... on Level 3 of the Dungeon.
             The game lasted 00:06:07 (1978 turns).

Psiweapon the Shield-Bearer (Gargoyle Fighter)      Turns: 1978, Time: 00:06:08

HP -11/51        AC 22     Str 20      XL: 5   Next: 26%
MP   5/5         EV  1     Int  9      God:
Gold 158         SH 15     Dex  9      Spells:  0 memorised,  4 levels left

rFire  . . .     SeeInvis .     a - +0 mace
rCold  . . .     Clarity  .     w - melded +0 chain mail
rNeg   + + +     Conserve .     c - +0 shield
rPois  +         rCorr    .     (no helmet)
rElec  .         rRot     +     (cloak currently unavailable)
SustAb . .       Spirit   .     (gloves currently unavailable)
rMut   .         Warding  .     (boots currently unavailable)
Saprov . . .     NoTele   +     (no amulet)
                                (no ring)
                                (no ring)

@: tree-form, slightly resistant to hostile enchantments, very unstealthy
A: life protection 1, (electricity resistance), (unbreathing), petrification
resistance, AC +4
a: no special abilities


You were on level 3 of the Dungeon.
You were not hungry.
You were an animated tree.
You visited 1 branch of the dungeon, and saw 3 of its levels.

You collected 158 gold pieces.

Inventory:

Hand weapons
 a - a +0,+0 mace (weapon)
Missiles
 e - 33 stones (quivered)
Armour
 b - a +0 scale mail
 c - a +0 shield (worn)
 w - a +0 chain mail (melded)
Comestibles
 d - 5 bread rations
 h - 2 chunks of goblin flesh
 t - an apple
 u - 11 strawberries
 z - a chunk of adder flesh
Scrolls
 i - 2 scrolls of remove curse {unknown}
 j - a scroll of amnesia {unknown}
 k - a scroll of blinking {unknown}
 l - 2 scrolls of teleportation {unknown}
 m - 2 scrolls of fear {unknown}
 n - a scroll of fog {unknown}
 o - 3 scrolls of identify {unknown}
 q - a scroll of immolation {unknown}
 y - a scroll of magic mapping {unknown}
 A - a scroll of enchant weapon I {unknown}
Potions
 f - a potion of lignification
 g - 2 potions of curing {unknown}
 p - a potion of heal wounds {unknown}
 r - a potion of might {unknown}
 s - a potion of agility {unknown}
 v - a potion of mutation {unknown}
 x - 2 potions of poison {unknown}


   Skills:
 + Level 4.3 Fighting
 + Level 3.1 Maces & Flails
 + Level 4.2 Armour
 + Level 4.4 Shields


You had 4 spell levels left.
You didn't know any spells.

Dungeon Overview and Level Annotations

Branches:
Dungeon (3/16)

Altars:
the Shining One


Innate Abilities, Weirdness & Mutations

You are resistant to torment.
You are immune to poison.
((Your stone body is very resilient (AC +4).))*
You resist negative energy.
((You are resistant to electric shocks.))*
((You can survive without breathing.))*
You are immune to petrification.


Message History

The ice beast is almost dead.
The ice beast hits you but does no damage.
You closely miss the ice beast.
The ice beast is almost dead.
The ice beast hits you but does no damage.
You barely miss the ice beast.
The ice beast is almost dead.
The ice beast barely misses you. You block the ice beast's attack.
You closely miss the ice beast.
The ice beast is almost dead.
You block the ice beast's attack.
You closely miss the ice beast.
The ice beast is almost dead.
The ice beast hits you but does no damage.
You hit the ice beast but do no damage.
The ice beast is almost dead.
The ice beast hits you.
* * * LOW HITPOINT WARNING * * *
The ice beast freezes you!
You die...

... ... #.# #.# ......# . ...
#.# #.# .......##.####.##.##
#%#### # ..................#
##....#?##
......##.##.......####..........
..........................#.#.
####..###.##.......##.....?.#
..............................#
.....%..........♣I..........###
..................###.......#
####..###.........# #.......#
###..###.....................
#..).<.#.........######....#
........#.##.####.# ....
##......#.##.# #.# .
###.####.##.# #.# .. .....% ...


You could see an ice beast.

Vanquished Creatures
  8 adders
  A giant mite (D:3)
  5 giant geckos (D:2)
  2 giant cockroaches
  9 goblins
  8 hobgoblins
  5 kobolds
  A quokka (D:2)
  4 bats
  5 giant newts
  9 rats
57 creatures vanquished.

Notes
Turn   | Place    | Note
--------------------------------------------------------------
     0 | D:1      | Psiweapon, the Gargoyle Fighter, began the quest for the Orb.
     0 | D:1      | Reached XP level 1. HP: 14/14 MP: 1/1
    74 | D:1      | Reached XP level 2. HP: 17/19 MP: 2/2
   796 | D:1      | Reached skill level 4 in Fighting
   796 | D:1      | Reached XP level 3. HP: 7/24 MP: 3/3
  1123 | D:2      | Found a glowing golden altar of the Shining One.
  1137 | D:2      | Reached XP level 4. HP: 27/29 MP: 4/4
  1456 | D:2      | Reached XP level 5. HP: 26/33 MP: 5/5
  1936 | D:3      | Noticed an ice beast
  1978 | D:3      | Mangled by an ice beast

Action                   |  1- 3 |  4- 6 || total
-------------------------+-------+-------++-------
Melee: Mace              |   120 |   139 ||   259
Throw: Stone             |    14 |       ||    14
  Use: Potion            |       |     1 ||     1
